 Dungeon Crawl Stone Soup version 0.31.0-4-g52a2dc7128 (webtiles) character file.

Game seed: 15022200901034292944

8131 SnakkuSnakku7 the Grappler (level 10, -3/55 HPs)
             Began as a Vine Stalker Necromancer on Jan 21, 2024.
             Was a Believer of Ru.
             Shot with an arrow by a centaur (5 damage)
             ... on level 9 of the Dungeon.
             The game lasted 00:16:07 (6417 turns).

SnakkuSnakku7 the Grappler (VSNe)                   Turns: 6417, Time: 00:16:07

Health: -3/55      AC:  8    Str: 16    XL:     10   Next: 26%
Magic:  0/14       EV:  7    Int: 15    God:    Ru [**....]
Gold:   467        SH:  0    Dex: 14    Spells: 12/13 levels left

rFire   . .          .
                       - Unarmed
rCold   . . .        (no shield)
rNeg    . . .        n - +0 chain mail
rPois   +            (helmet currently unavailable)
rElec   .            (cloak currently unavailable)
rCorr   .            (gloves currently unavailable)
SInv    .            (boots currently unavailable)
Will    +....        (no amulet) Stlth
                     r - ring of poison resistance
HPRegen 1.09/turn    (no ring)
MPRegen 0.14/turn

%: guardian spirit
@: about to teleport, beast-form, slowed, studying Maces & Flails, very slow
A: beast (slay +2), fangs 3, regeneration 1, magic shield, antimagic bite, no
potion heal 2, no ice magic, no alchemy magic, no translocations magic,
inexperienced 1
a: Begin Untransformation, Renounce Religion, Sacrifice Essence, Sacrifice
Drink, Sacrifice Health, Reject Sacrifices


You were on level 9 of the Dungeon.
You worshipped Ru.
Ru was pleased with you.
You were a hulking beast.
You visited 1 branch of the dungeon, and saw 9 of its levels.
You also visited: Sewer and Ossuary.

You collected 497 gold pieces.
You spent 30 gold pieces at shops.

Inventory:

Hand Weapons
 o - a +2 whip of draining
 y - a +0 dagger
Missiles
 g - 7 curare-tipped darts (quivered)
 G - a throwing net
Armour
 a - a +0 robe
 m - a +0 cloak
 n - a +0 chain mail (worn)
Jewellery
 f - a ring of fire
 r - a ring of poison resistance (left hand)
 t - a +6 ring of intelligence
Talismans
 i - a beast talisman (active)
 x - a serpent talisman
Wands
 s - a wand of polymorph (5)
 v - a wand of mindburst (29)
 I - a wand of iceblast (6)
 L - a wand of flame (19)
 M - a wand of quicksilver (4)
 N - a wand of charming (9)
Scrolls
 c - 14 scrolls of identify {unknown}
 e - a scroll of poison {unknown}
 l - 3 scrolls of brand weapon {unknown}
 p - 2 scrolls of noise {unknown}
 q - a scroll of teleportation
 u - 2 scrolls of immolation {unknown}
 B - 3 scrolls of fog {unknown}
 H - 2 scrolls of fear {unknown}
 J - a scroll of summoning {unknown}
 K - 2 scrolls of enchant armour {unknown}
 O - a scroll of enchant weapon {unknown}
 Q - a scroll of acquirement {unknown}
 R - a scroll of amnesia {unknown}
Potions
 b - a potion of magic
 d - a potion of attraction {unknown}
 h - a potion of resistance {unknown}
 j - 2 potions of brilliance {unknown}
 k - 2 potions of ambrosia {unknown}
 w - 3 potions of enlightenment {unknown}
 z - 3 potions of lignification
 A - a potion of cancellation {unknown}
 C - 2 potions of haste {unknown}
 D - 4 potions of invisibility {unknown}
 E - a potion of curing {unknown}
 F - a potion of berserk rage {unknown}
 P - a potion of mutation {unknown}
Miscellaneous
 S - a sack of spiders


   Skills:
 + Level 7.0 Fighting
 - Level 1.5 Dodging
 - Level 2.4 Stealth
 - Level 11.6 Unarmed Combat
 - Level 2.1 Spellcasting
 - Level 4.0 Necromancy
 - Level 8.0 Evocations
 - Level 4.0 Shapeshifting


You had 12 spell levels left.
You knew the following spells:

 Your Spells              Type           Power      Damage    Failure   Level
a - Necrotise             Necr           52%        1d6       52%         1

Your spell library contained the following spells:

 Spells                   Type           Power      Damage    Failure   Level
 Vampiric Draining        Necr           13%        2d6       88%         3
 Shock                    Conj/Air       4%         1d3       97%         1
 Slow                     Hex            4%         N/A       97%         1
 Animate Dead             Necr           13%        N/A       99%         4
 Confusing Touch          Hex            1%         N/A       100%        3
 Sigil of Binding         Hex            1%         N/A       100%        3
 Flame Wave               Conj/Fire      1%         2d4       100%        4
 Arcjolt                  Conj/Air       0%         1d10      100%        5
 Curse of Agony           Necr           13%        N/A       100%        5
 Iskenderun's Battlesphe  Conj           1%         2d6       100%        5
 Maxwell's Capacitive Co  Air            0%         ∞         100%        8
 Death's Door             Necr           6%         N/A       100%        9
 Hailstorm                Conj/Ice       Unusable   3d5       N/A         3
 Summon Ice Beast         Ice/Summ       Unusable   N/A       N/A         3
 Vhi's Electric Charge    Tloc/Air       Unusable   N/A       N/A         4
 Sculpt Simulacrum        Ice/Alch       Unusable   N/A       N/A         6

Dungeon Overview and Level Annotations

Branches:
Dungeon (9/15)             Temple (0/1) D:4            Lair (0/5) D:8
  Sewer (visited)         Ossuary (visited)
    Orc: D:9-12

Altars:
Ashenzari
Cheibriados
Elyvilon
Makhleb
Nemelex Xobeh
Okawaru
Ru
Vehumet
Wu Jian
Zin
The Shining One

Shops:
D:2 *

Annotations:
D:9 Grum


Innate Abilities, Weirdness & Mutations

You are a hulking beast.
Your limbs bulge with bestial killing power. (Slay +2)
You have razor-sharp teeth.
Your natural rate of healing is unusually fast.
When hurt, damage is shared between your health and your magic reserves.
Your bite disrupts and absorbs the magic of your enemies.
Potions cannot restore your health.
You cannot study or cast Ice magic.
You cannot study or cast Alchemy magic.
You cannot study or cast Translocations magic.
You are somewhat inexperienced. (-1 XL)


Message History

The vampire begins to cast a spell, but is stunned by your conviction!
The kobold brigand throws a curare-tipped dart.
The curare-tipped dart hits you. You resist.
The vampire points at you and mumbles some strange words.
The orc warrior resists with significant effort.
You feel sick.
Unknown command.
You feel sick.
The vampire is no longer blind.
The orc warrior attacks as it pursues you!
The orc warrior hits you with a +0 hand axe.
* * * LOW HITPOINT WARNING * * *
The orc warrior hits you with a +0 hand axe.
* * * LOW HITPOINT WARNING * * *
Your surroundings suddenly seem different.
A yak, a bullfrog, an orc warrior, 2 centaurs, a troll, Grum and a wolf come into view.
Found a leather armour and 10 gold pieces.
You feel sick.
The bullfrog croaks.
The orc warrior shouts!
The centaur shouts!
The troll shouts!
Grum growls angrily.
The wolf howls!
You hear a howl!
A killer bee comes into view.
A centaur comes into view.
The centaur wields a +0 orcbow.
The centaur shoots an arrow.
The arrow hits you.
* * * LOW HITPOINT WARNING * * *
A wolf comes into view.
The centaur shoots an arrow.
The arrow closely misses you.
The orc warrior moves out of view.
The centaur moves out of view.
Okay, then.
Okay, then.
Okay, then.
Okay, then.
As you read the scroll of teleportation, it crumbles to dust.
You feel strangely unstable.
You feel sick.
You are no longer poisoned.
The wolf barely misses you.
The centaur shoots an arrow.
The arrow hits you.
* * * LOW HITPOINT WARNING * * *
The wolf bites you but does no damage.
The centaur wields a +2 shortbow of electrocution.
You hear the crackle of electricity.
The centaur shoots an arrow.
The arrow hits you.
You die...

###........###
#.......#.#
..........##
..##.......#.#
..........#
..##.......#.#
.........##
hY##.......'.#
......##+#
y.##......†###
...#### #
gc####....)..#
.###
#..#####..#
#.......# ##
$.c.c..h..#
#.......# #
[...FT.h..#
#.......# #
#########+#
#.......#
#.......#
###.......#
#.........###
#>...........
#.........###
########### #


You could see Grum, a yak, a troll, 2 wolves, a bullfrog, 3 centaurs and a
killer bee.

Vanquished Creatures
  3 two-headed ogres
  3 trolls
  A wyvern (D:9)
  Sigmund (D:3)
  6 yaks (D:9)
  A steam dragon (D:9)
  Duvessa (D:4)
  4 water moccasins
  The ghost of gummybears the Caller, an amateur FeSu (D:4)
  2 ice beasts (D:7)
  An orc warrior (D:9)
  4 black bears
  3 wolves (D:8)
  A phantom (D:7)
  5 kobold brigands (Sewer)
  2 bullfrogs (D:8)
  3 scorpions
  4 wights (D:7)
  Dowan (D:4)
  9 killer bees
  A howler monkey (D:8)
  2 electric eels (D:8)
  A bombardier beetle (D:5)
  9 hounds
  4 orc priests
  4 gnoll boudas
  A jelly (D:5)
  An iguana (D:7)
  Ijyb (D:3)
  Terence (D:2)
  4 scorpion zombies (Ossuary)
  Natasha (thrice) (D:2)
  6 orc wizards
  3 mummies (Ossuary)
  22 gnolls
  13 adders
  A river rat (Sewer)
  A shadow imp (D:6)
  A white imp (D:6)
  6 adder zombies (Ossuary)
  A dart slug (D:4)
  3 ribbon worms
  29 orcs
  12 endoplasms
  8 giant cockroaches
  A gnoll zombie (Ossuary)
  7 goblins
  4 hobgoblins
  4 jackals (D:1)
  18 kobolds
  3 quokkas
  7 ball pythons
  4 bats
  5 frilled lizards
  2 jackal zombies (Ossuary)
  3 kobold zombies (Ossuary)
  7 rats
259 creatures vanquished.

Vanquished Creatures (others)
  An adder zombie (Ossuary)
1 creature vanquished.

Grand Total: 260 creatures vanquished

Notes
Turn   | Place    | Note
-------+----------+-------------------------------------------
     0 | D:1      | SnakkuSnakku7 the Vine Stalker Necromancer began the quest
                  | for the Orb.
     0 | D:1      | Reached XP level 1. HP: 9/9 MP: 4/4
    74 | D:1      | Reached skill level 1 in Unarmed Combat
    96 | D:1      | Reached XP level 2. HP: 13/13 MP: 6/6
   132 | D:1      | Reached skill level 2 in Unarmed Combat
   191 | D:1      | Reached XP level 3. HP: 16/16 MP: 5/7
  1006 | D:2      | Noticed Natasha
  1025 | D:2      | Reached skill level 3 in Unarmed Combat
  1025 | D:2      | Reached skill level 1 in Shapeshifting
  1034 | D:2      | Killed Natasha
  1035 | D:2      | Reached XP level 4. HP: 9/21 MP: 3/8
  1155 | D:2      | Found Kionen's General Store.
  1160 | D:2      | Bought a scroll of teleportation for 30 gold pieces
  1171 | D:2      | Noticed Natasha
  1176 | D:2      | Killed Natasha
  1177 | D:2      | Reached XP level 5. HP: 23/24 MP: 9/9
  1335 | D:2      | Noticed Terence
  1354 | D:2      | Killed Terence
  1355 | D:2      | Reached skill level 4 in Unarmed Combat
  1384 | D:2      | Got Ocset's Compendium of Posthumous Impulse
  1536 | D:2      | Noticed Natasha
  1544 | D:2      | Killed Natasha
  1780 | D:3      | Noticed Sigmund
  1788 | D:3      | Killed Sigmund
  1789 | D:3      | Reached XP level 6. HP: 28/28 MP: 10/10
  1859 | D:3      | Found a burning altar of Makhleb.
  1859 | D:3      | Found a sparkling altar of Nemelex Xobeh.
  1883 | D:3      | Noticed Ijyb
  1899 | D:3      | Killed Ijyb
  1900 | D:3      | Reached skill level 5 in Unarmed Combat
  1939 | D:3      | Found a faded altar of an unknown god.
  1961 | D:3      | Prayed at the altar of an unknown god.
  1961 | D:3      | Became a worshipper of Ru the Awakened
  1976 | D:3      | Gained mutation: You cannot study or cast Ice magic. [Ru
                  | sacrifice]
  1976 | D:3      | Gained mutation: You cannot study or cast Alchemy magic.
                  | [Ru sacrifice]
  1976 | D:3      | Gained mutation: You cannot study or cast Translocations
                  | magic. [Ru sacrifice]
  1976 | D:3      | Reached * piety under Ru
  2084 | D:3      | Found a glowing silver altar of Zin.
  2463 | D:4      | Noticed Dowan
  2464 | D:4      | Noticed Duvessa
  2485 | D:4      | Killed Duvessa
  2486 | D:4      | Reached XP level 7. HP: 32/32 MP: 9/11
  2511 | D:4      | Killed Dowan
  2512 | D:4      | Reached skill level 6 in Unarmed Combat
  2558 | D:4      | Found a glowing golden altar of the Shining One.
  2622 | D:4      | Found a glowing drain.
  2658 | Sewer    | Entered a sewer
  2795 | Sewer    | HP: 2/48 [poisoned by a kobold brigand (curare-tipped
                  | dart)]
  2805 | Sewer    | Reached skill level 7 in Unarmed Combat
  2846 | Sewer    | Gained mutation: You have razor-sharp teeth. [Vine Stalker
                  | growth]
  2846 | Sewer    | Reached XP level 8. HP: 18/36 MP: 9/12
  3035 | Sewer    | Reached skill level 8 in Unarmed Combat
  3201 | D:4      | Found a transporter.
  3224 | D:4      | Found a transporter.
  3258 | D:4      | Noticed gummybears's ghost (amateur FeSu)
  3270 | D:4      | Killed gummybears's ghost
  3333 | D:4      | Found a staircase to the Ecumenical Temple.
  3414 | D:4      | Reached skill level 9 in Unarmed Combat
  3495 | D:5      | Entered Level 5 of the Dungeon
  3609 | D:5      | Found an iron altar of Okawaru.
  3615 | D:5      | Found a snail-covered altar of Cheibriados.
  3632 | D:5      | HP: 1/36 [orc/+0 trident (3)]
  4075 | D:5      | Found an ornate altar of the Wu Jian Council.
  4088 | D:5      | Gained mutation: You are somewhat inexperienced. (-1 XL)
                  | [Ru sacrifice]
  4088 | D:5      | Reached XP level 7. HP: 32/32 MP: 11/11
  4088 | D:5      | Reached ** piety under Ru
  4370 | D:6      | Reached skill level 10 in Unarmed Combat
  4371 | D:6      | Reached XP level 8. HP: 6/36 MP: 1/12
  4454 | D:6      | Found a radiant altar of Vehumet.
  4590 | D:6      | Found a sand-covered staircase.
  4613 | Ossuary  | Entered an ossuary
  4713 | Ossuary  | Reached skill level 11 in Unarmed Combat
  4787 | D:6      | Found a white marble altar of Elyvilon.
  4927 | D:7      | Noticed a troll
  5098 | D:7      | Reached skill level 1 in Fighting
  5329 | D:7      | Reached XP level 9. HP: 19/46 MP: 8/13
  5371 | D:7      | Reached skill level 5 in Fighting
  5599 | D:7      | Found a broken altar of Ashenzari.
  5642 | D:8      | Found a staircase to the Lair.
  5902 | D:8      | Reached skill level 5 in Evocations
  6022 | D:8      | Noticed a two-headed ogre
  6028 | D:8      | Killed a two-headed ogre
  6093 | D:9      | Noticed a two-headed ogre
  6288 | D:9      | Reached XP level 10. HP: 51/51 MP: 14/14
  6288 | D:9      | Killed a two-headed ogre
  6374 | D:9      | Noticed a two-headed ogre
  6377 | D:9      | Killed a two-headed ogre
  6416 | D:9      | Noticed Grum
  6417 | D:9      | HP: 2/55 [centaur/arrow (4)]
  6417 | D:9      | Shot with an arrow by a centaur

Illustrated notes

Levels and vault maps discovered:
D:1:      elethiomel_arrival_diamonds, layout_basic
D:2:      layout_basic, serial_shops, nicolae_shop_peninsula, uniq_natasha,
          uniq_terence
D:3:      layout_basic, nicolae_overflow_two_pavilions, zin_statuary,
          ebering_ecumenical_altar_sacrificial, uniq_sigmund, uniq_ijyb
D:4:      layout_basic, kennysheep_mini_moat,
          minmay_temple_entry_drinking_statues, gup_sewer_entry_glass,
          gammafunk_ghost_gnarly_gnolls, uniq_duvessa
D:5:      layout_loops_ring, nzn_wu_jian_council_hall,
          mainiacjoe_overflow_large_starburst, minmay_misc_feat_rugged,
          chequers_serial_rivers_micro_b
D:6:      layout_basic, mainiacjoe_overflow_24_doors, vehumet_altar_wand_db,
          nicolae_ossuary_entry_ruins
D:7:      layout_rooms, evilmike_ruin_ashenzari
D:8:      layout_gridville, erik_lair_island, due_unseen_surprise
D:9:      minmay_quarter_circles, layout_basic, nicolae_overflow_hidden_temple,
          minmay_ruffians, uniq_erolcha, uniq_harold, uniq_grum

Skill      XL: |  1  2  3  4  5  6  7  8  9 10 |
---------------+-------------------------------+-----
Unarmed Combat | 1 2 3 4 5 10 11 | 11.6
Shapeshifting  | 1 3 4 |  4.0
Fighting       | 4 5 7 |  7.0
Evocations     | 7 8 |  8.0
Dodging        | |  1.5
Stealth        | |  2.4
Spellcasting   | |  2.1
Necromancy     | |  4.0

Action                     |  1- 3 |  4- 6 |  7- 9 | 10-12 || total
---------------------------+-------+-------+-------+-------++-------
  Melee: Unarmed           |   139 |   130 |   529 |    20 ||   818
         Bite              |    30 |    37 |   123 |     8 ||   198
         Punch             |     1 |     4 |    30 |     1 ||    36
   Cast: Necrotise         |     1 |       |       |       ||     1
 Invoke: Sacrifice Arcana  |       |     1 |       |       ||     1
         Sacrifice Experie |       |       |     1 |       ||     1
  Evoke: Wand              |       |       |    28 |     4 ||    32
    Use: Potion            |       |       |     2 |       ||     2
         Scroll            |       |       |       |     2 ||     2
   Stab: Sleeping          |     6 |       |       |       ||     6
         Distracted        |       |       |     3 |       ||     3
         Invisible         |       |       |     2 |       ||     2
 Armour: Robe              |    46 |       |       |       ||    46
         Chain mail        |    28 |    93 |   477 |    27 ||   625
         Skin              |       |       |     3 |       ||     3
  Dodge: Dodged            |    69 |    34 |   173 |     6 ||   282
   Form: Beast             |     1 |     1 |       |       ||     2
         Serpent           |       |     1 |       |       ||     1
